 Dungeon Crawl Stone Soup version 0.16.0-16-g311141a (webtiles) character file.

207 hulla the Changer (level 5, -1/33 HPs)
             Began as an Octopode Transmuter on Mar 19, 2015.
             Slain by a worm (11 damage)
             ... on level 3 of the Dungeon.
             The game lasted 00:13:52 (2751 turns).

hulla the Changer (Octopode Transmuter)             Turns: 2751, Time: 00:13:52

Health: -1/33      AC:  2    Str:  9    XL:     5   Next: 85%
Magic:  6/9        EV: 20    Int: 16    God:
Gold:   59         SH:  0    Dex: 18    Spells: 2 memorised, 4 levels left

rFire  . . .     SeeInvis .     q - melded +0 dagger (curse)
rCold  . . .     Clarity  .     (shield currently unavailable)
rNeg   . . .     SustAb   .     (helmet currently unavailable)
rPois  x         Gourm    .     (no amulet)
rElec  .         Spirit   .     g - ring of stealth
rCorr  .         Warding  .     (no ring)
rMut   .         Stasis   .     (no ring)
MR     .....                    (no ring)
Stlth  +++.......               (no ring)
                                (no ring)
                                (no ring)
                                (no ring)

@: spider-form, not resistant to hostile enchantments, fairly stealthy
A: almost no armour, amphibious, 8 rings, (constrict 8), (camouflage 0),
(gelatinous body 0)
a: End Transformation


You were on level 3 of the Dungeon.
You were not hungry.
You were a venomous arachnid creature.
You visited 1 branch of the dungeon, and saw 3 of its levels.

You collected 59 gold pieces.

Inventory:

Hand weapons
 q - a cursed +0 dagger (melded)
Missiles
 b - 33 arrows
 c - 87 stones
 e - 16 arrows of flame
 j - 6 needles of paralysis
 l - 6 tomahawks (quivered)
Jewellery
 g - a ring of stealth (left front leg)
 r - an uncursed ring of positive energy {unknown}
Magical devices
 n - a wand of flame (31)
Scrolls
 f - a scroll of amnesia {unknown}
 o - a scroll of fear {unknown}
 p - a scroll of teleportation {unknown}
Potions
 k - a potion of restore abilities {unknown}
 m - a potion of agility {unknown}
 s - a potion of degeneration {unknown}
Books
 d - a book of Changes

   Spells                             Type                      Level
   a - Beastly Appendage              Transmutation                1
   b - Sticks to Snakes               Transmutation                2
   c - Spider Form                    Transmutation/Poison         3
   d - Ice Form                       Ice/Transmutation            4
   e - Blade Hands                    Transmutation                5
Comestibles
 a - a bread ration
 h - a royal jelly
 i - 2 meat rations
 t - a chunk of flesh


   Skills:
 - Level 1.0 Fighting
 + Level 2.2 Dodging
 + Level 1.5 Stealth
 - Level 3.0 Unarmed Combat
 - Level 2.0 Spellcasting
 * Level 4.4 Transmutations
 + Level 3.6 Poison Magic


You had 4 spell levels left.
You knew the following spells:

 Your Spells              Type           Power        Failure   Level  Hunger
a - Beastly Appendage     Trmt           ###...       14%         1    #......
b - Spider Form           Trmt/Pois      ##........   28%         3    ###....


Dungeon Overview and Level Annotations

Branches:
Dungeon (3/15)

Altars:


Innate Abilities, Weirdness & Mutations

You cannot wear most types of armour.
You are amphibious.
You can wear up to eight rings at the same time.
((You can use your tentacles to constrict many enemies at once.))
((Your skin changes colour to match your surroundings (Stealth).))
((Your rubbery body absorbs attacks (AC +1).))


Message History

You hit the worm! You grab the worm. You squeeze the worm.
The worm is moderately wounded.
You constrict the worm. The worm bites you!
You hit the worm!
The worm is severely wounded.
You constrict the worm. You hit the worm but do no damage.
The worm is severely wounded.
You constrict the worm. The worm bites you!
You release your grip on the worm.
You see here 11 gold pieces.
Casting: Beastly Appendage
Confirm with . or Enter, or press ? or * to list all spells.
Your tentacle spike disappears.
You turn into a venomous arachnid creature.
Your cursed +0 dagger melds into your body.
You completely miss the worm.
The worm is severely wounded.
The worm bites you!
You die...

##..###.........##
#...##...........###
#.#.##..............
#.#.##.[.........###
#..รท###.........##
######<.#####.......##
#.....[...###..#.########
#.........##.....).......
#.......s.###..#.########
#)......w.# ####.#
#.........# ####.### ###
*.........###......####..
*...>.....#.............#
*.........#..........####
*,........###......###
*,,.......# ########
****#######


You could see a worm.

Vanquished Creatures
  Sigmund (D:2)
  Crazy Yiuf (D:2)
  4 adders
  A worm (D:2)
  3 giant geckos
  An orc (D:3)
  3 bats
  5 giant cockroaches
  10 goblins
  12 hobgoblins
  A jackal (D:1)
  5 kobolds
  A quokka (D:2)
  5 giant newts
  9 rats
62 creatures vanquished.

Notes
Turn   | Place    | Note
--------------------------------------------------------------
     0 | D:1      | hulla, the Octopode Transmuter, began the quest for the Orb.
     0 | D:1      | Reached XP level 1. HP: 13/13 MP: 3/3
   395 | D:1      | Reached XP level 2. HP: 16/18 MP: 4/4
  1052 | D:1      | Reached XP level 3. HP: 23/23 MP: 6/6
  1057 | D:1      | Learned a level 3 spell: Spider Form
  1294 | D:2      | Reached skill level 1 in Poison Magic
  1448 | D:2      | Noticed Sigmund
  1455 | D:2      | Killed Sigmund
  1455 | D:2      | Reached skill level 4 in Transmutations
  1455 | D:2      | Reached XP level 4. HP: 20/28 MP: 3/7
  1455 | D:2      | Reached XP level 5. HP: 23/33 MP: 3/9
  1614 | D:2      | Noticed Crazy Yiuf
  1623 | D:2      | Killed Crazy Yiuf
  2194 | D:3      | Reached skill level 1 in Stealth
  2751 | D:3      | Slain by a worm

Action                   |  1- 3 |  4- 6 || total
-------------------------+-------+-------++-------
Melee: Unarmed           |    77 |    26 ||   103
       Dagger            |       |    36 ||    36
Throw: Tomahawk          |     6 |       ||     6
 Cast: Beastly Appendage |     9 |     5 ||    14
       Spider Form       |     1 |     2 ||     3
  Use: Scroll            |       |     4 ||     4
       Potion            |       |     1 ||     1
 Stab: Sleeping          |     2 |     7 ||     9
       Distracted        |       |     1 ||     1
  Eat: Chunk             |     2 |     5 ||     7
